 Dungeon Crawl Stone Soup version 0.19.3-1-g3169bf9 (webtiles) character file.

3245 nikopol the Skirmisher (level 9, -5/85 HPs)
             Began as a Gargoyle Berserker on Jan 25, 2017.
             Was an Elder of Trog.
             Slain by a white ugly thing (21 damage)
             ... on level 8 of the Dungeon.
             The game lasted 00:23:19 (8009 turns).

nikopol the Skirmisher (Gargoyle Berserker)         Turns: 8009, Time: 00:23:19

Health: -5/85      AC: 19    Str: 27    XL:     9   Next: 99%
Magic:  9/9        EV: 14    Int: 14    God:    Trog [****..]
Gold:   393        SH:  2    Dex: 13    Spells: 0 memorised, 8 levels left

rFire  + . .     SeeInvis .     a - +6 hand axe "Qume" {chop, rF+ Int+6}
rCold  . . .     Gourm    .     e - +4 ring mail of Qaasm {Dex+2}
rNeg   + + .     Faith    .     (no shield)
rPois  ∞         Spirit   .     (no helmet)
rElec  +         Reflect  +     v - +0 cloak
rCorr  .         Harm     .     (no gloves)
MR     .....                    l - +1 pair of boots
Stlth  ..........               j - +2 amulet of reflection
                                H - ring of positive energy
                                E - ring of stealth

@: berserking, very quick
A: negative energy resistance 1, electricity resistance, unbreathing,
petrification resistance, rot immunity, AC +5
a: Berserk, Trog's Hand, Brothers in Arms, Burn Spellbooks, Renounce Religion


You were on level 8 of the Dungeon.
You worshipped Trog.
Trog was greatly pleased with you.
You were very hungry.

You visited 1 branch of the dungeon, and saw 8 of its levels.
You also visited: Sewer.

You collected 393 gold pieces.

Inventory:

Hand Weapons
 a - the +6 hand axe "Qume" (weapon) {chop, rF+ Int+6}
   (You found it on level 6 of the Dungeon)

   It inflicts extra damage upon your enemies.
   It affects your intelligence (+6).
   It protects you from fire.
 z - a +1 shortbow
Missiles
 i - 144 arrows (quivered)
Armour
 b - a +0 animal skin
 e - the +4 ring mail of Qaasm (worn) {Dex+2}
   (You found it on level 7 of the Dungeon)

   It affects your dexterity (+2).
 l - a +1 pair of boots (worn)
 v - a +0 cloak (worn)
 Q - the +1 chain mail "Wegoarph" {rN+ Regen+}
   (You found it on level 7 of the Dungeon)

   It protects you from negative energy.
   It increases your rate of regeneration.
Jewellery
 j - a +2 amulet of reflection (around neck)
 u - an uncursed ring of poison resistance {unknown}
 E - a ring of stealth (left hand)
 H - a ring of positive energy (right hand)
Wands
 o - a wand of acid (8/15)
 t - a wand of flame (44/48)
 C - a wand of acid (15/15)
 L - a wand of lightning (6/15)
Scrolls
 h - 2 scrolls of remove curse
 k - 2 scrolls of teleportation
 s - a scroll of identify
 D - a scroll of blinking
 N - a scroll of immolation {unknown}
 O - a scroll of noise {unknown}
Potions
 d - a potion of cure mutation
 m - a potion of might
 n - 2 potions of heal wounds
 p - a potion of cancellation
 r - a potion of brilliance
 w - 2 potions of ambrosia {unknown}
 A - 2 potions of resistance
 B - 2 potions of curing
 F - a potion of haste {unknown}
 I - a potion of magic {unknown}
 P - a potion of flight {unknown}
Comestibles
 c - 4 bread rations
 f - 3 beef jerkies
 g - 2 slices of pizza
 G - 3 meat rations


   Skills:
 + Level 7.6 Fighting
 * Level 7.2 Axes
 * Level 4.9 Bows
 + Level 6.6 Armour
 + Level 5.2 Dodging


You had 8 spell levels left.
You didn't know any spells.

Dungeon Overview and Level Annotations

Branches:
Dungeon (8/15)             Temple (0/1) D:7            Lair (0/6) D:8

Altars:
Hepliaklqana
Nemelex Xobeh
Okawaru
Ru
The Shining One

Shops:
D:4 *


Innate Abilities, Weirdness & Mutations

You are resistant to torment.
Your stone body is resilient. (AC +5)
You are immune to poison.
You resist negative energy. (rN+)
You are resistant to electric shocks. (rElec)
You can survive without breathing.
You are immune to petrification.
You are immune to rotting.


Message History

a - the +6 hand axe "Qume" (weapon)
{chop, rF+ Int+6} The white ugly thing misses you.
A red film seems to cover your vision as you go berserk!
You feel yourself moving faster!
You feel mighty!
You are feeling very hungry.
The white ugly thing tail-slaps you but does no damage.
You completely miss the white ugly thing.
The white ugly thing is lightly wounded.
You hit the white ugly thing.
The white ugly thing is lightly wounded.
The white ugly thing tail-slaps you. The white ugly thing freezes you!
* * * LOW HITPOINT WARNING * * *
You slash the white ugly thing!
The white ugly thing is heavily wounded.
You slash the white ugly thing!
The white ugly thing is severely wounded.
The white ugly thing tail-slaps you.
* * * LOW HITPOINT WARNING * * *
The white ugly thing freezes you!!
You die...

#..# ##### # #..#
# #..# # #..# #
#####>.######### #
#..............#
#.###.########.#
#.###### #.#
#..#.#@# #.#
#.###.#u..####.###
#..#.####(##.....#
#.###.#
##.###.####
#..#.## #.# #....#
#.#.## #.###.##.#
#.### #.....##.#
#.. ########.# ##.
#.#


You could see a white ugly thing.

Vanquished Creatures
  A two-headed ogre (D:8)
  A hippogriff (D:7)
  Purgy (D:3)
  An orc warrior (D:6)
  2 ice beasts (D:8)
  2 phantoms
  A sky beast (D:5)
  A black bear (D:8)
  A necrophage (D:6)
  An ogre (D:6)
  4 centaurs
  2 elf skeletons (D:7)
  3 bullfrogs
  A wyvern skeleton (D:6)
  A scorpion (D:7)
  A howler monkey (D:7)
  A bullfrog zombie (D:8)
  A centaur zombie (D:6)
  2 crimson imps (D:6)
  8 hounds
  A human zombie (D:7)
  A bullfrog skeleton (D:5)
  3 orc priests (D:5)
  2 jellies
  A human skeleton (D:7)
  An iguana (D:7)
  5 orc wizards
  4 worker ants
  A hound skeleton (D:7)
  A worker ant zombie (D:5)
  A gnoll (D:2)
  13 adders
  2 river rats (D:8)
  2 adder skeletons (D:7)
  2 worms
  3 dart slugs
  6 leopard geckos
  36 orcs
  12 giant cockroaches
  7 goblins
  8 hobgoblins
  6 jackals
  5 kobolds
  4 quokkas
  4 ball pythons
  9 bats
  10 frilled lizards
  An orc skeleton (D:7)
  An orc zombie (D:7)
  A quokka skeleton (D:7)
  A quokka zombie (D:6)
  13 rats
203 creatures vanquished.

Vanquished Creatures (others)
  7 fungi
7 creatures vanquished.

Grand Total: 210 creatures vanquished

Notes
Turn   | Place    | Note
-------+----------+-------------------------------------------
     0 | D:1      | nikopol the Gargoyle Berserker began the quest for the Orb.
     0 | D:1      | Reached XP level 1. HP: 14/14 MP: 1/1
    68 | D:1      | Found a sparkling altar of Nemelex Xobeh.
   202 | D:1      | Reached XP level 2. HP: 19/19 MP: 2/2
   832 | D:1      | Reached XP level 3. HP: 22/24 MP: 3/3
   971 | D:1      | Reached ** piety under Trog
  1787 | D:2      | Reached XP level 4. HP: 16/29 MP: 4/4
  1798 | D:2      | Reached XP level 5. HP: 14/34 MP: 5/5
  2807 | D:3      | Noticed Purgy
  2820 | D:3      | Killed Purgy
  2820 | D:3      | Reached skill level 5 in Fighting
  2820 | D:3      | Reached XP level 6. HP: 40/40 MP: 6/6
  3092 | D:3      | Reached *** piety under Trog
  3537 | D:4      | Noticed a phantom
  3576 | D:4      | Killed a phantom
  3608 | D:4      | Reached XP level 7. HP: 42/44 MP: 7/7
  3811 | D:4      | Found Syfrae's Elemental Accessories.
  3985 | D:4      | Found a glowing drain.
  3989 | Sewer    | Entered a sewer
  4186 | Sewer    | Reached **** piety under Trog
  4895 | D:5      | Entered Level 5 of the Dungeon
  4915 | D:5      | Found an iron altar of Okawaru.
  5044 | D:5      | Reached skill level 5 in Armour
  5081 | D:5      | Reached XP level 8. HP: 26/51 MP: 8/8
  5170 | D:5      | Found a sacrificial altar of Ru.
  5191 | D:5      | Reached skill level 5 in Axes
  5545 | D:5      | Reached skill level 1 in Bows
  5637 | D:6      | Got a brightly glowing hand axe
  5638 | D:6      | Identified the +6 hand axe "Qume" {chop, rF+ Int+6} (You found it on level 6 of the Dungeon)
  5756 | D:6      | Received a gift from Trog
  5828 | D:6      | Found a glowing golden altar of the Shining One.
  5900 | D:6      | Reached XP level 9. HP: 27/57 MP: 9/9
  6482 | D:7      | Got a smoking ring mail
  6493 | D:7      | Identified the +4 ring mail of Qaasm {Dex+2} (You found it on level 7 of the Dungeon)
  6866 | D:7      | Found a staircase to the Ecumenical Temple.
  6915 | D:7      | Found a hazy altar of Hepliaklqana.
  6923 | D:7      | Got an ichor-stained chain mail
  6949 | D:7      | Identified the +1 chain mail "Wegoarph" {rN+ Regen+} (You found it on level 7 of the Dungeon)
  7415 | D:8      | Reached skill level 5 in Dodging
  7428 | D:8      | Found a staircase to the Lair.
  7734 | D:8      | Received a gift from Trog
  7737 | D:8      | Noticed a two-headed ogre
  7746 | D:8      | Killed a two-headed ogre
  8000 | D:8      | Noticed a white ugly thing
  8009 | D:8      | Slain by a white ugly thing

Skill      XL: |  1  2  3  4  5  6  7  8  9 |
---------------+----------------------------+-----
Fighting       | 4 5 6 7 |  7.6
Axes           | 3 4 5 7 |  7.2
Armour         | 3 4 5 6 |  6.6
Dodging        | 2 3 4 5 |  5.2
Bows           | 2 4 |  4.9

Action                   |  1- 3 |  4- 6 |  7- 9 || total
-------------------------+-------+-------+-------++-------
Melee: Hand axe          |   152 |    78 |   137 ||   367
       War axe           |       |    68 |   272 ||   340
 Fire: Shortbow          |       |       |   158 ||   158
Invok: Berserk           |       |     3 |     4 ||     7
       Burn Spellbooks   |       |       |     1 ||     1
       Brothers in Arms  |       |       |     1 ||     1
  Use: Scroll            |       |     4 |    14 ||    18
 Stab: Sleeping          |     1 |       |       ||     1
  Eat: Chunk             |     3 |     8 |    17 ||    28
       Beef jerky        |       |       |     1 ||     1
Armor: Animal skin       |    42 |       |       ||    42
       Leather armour    |     9 |    40 |       ||    49
       Troll leather arm |       |    35 |   147 ||   182
       Ring mail         |       |       |    61 ||    61
Dodge: Dodged            |   136 |   111 |   296 ||   543
Block: Other             |       |       |    23 ||    23
       Reflection        |       |       |     3 ||     3
